 Dungeon Crawl Stone Soup version 0.30.0-29-ga12c61a403 (webtiles) character file.

Game seed: 15292892645092046758

8355 vfn1303 the Warrior (level 11, -1/113 HPs)
             Began as a Hill Orc Hunter on June 12, 2023.
             Was an Elder of Okawaru.
             Slain by a basilisk (4 damage)
             ... while petrified by a basilisk
             ... on level 1 of the Lair of Beasts.
             The game lasted 00:16:23 (10472 turns).

vfn1303 the Warrior (Hill Orc Hunter)              Turns: 10472, Time: 00:16:24

Health: -1/113     AC:  8    Str: 15    XL:     11   Next: 29%
Magic:  11/11      EV:  2    Int:  9    God:    Okawaru [****..]
Gold:   614        SH:  0    Dex: 30    Spells: 10/10 levels left

rFire   . . .        q - +1 demon whip (venom)
rCold   + . .        (no shield)
rNeg    + + +        D - +3 leather armour {rC+}
rPois   ∞            g - +1 hat
rElec   .            (no cloak)
rCorr   .            (no gloves)
SInv    .            B - +0 pair of boots
Will    .....        y - amulet of the acrobat
Stlth   ++           J - +6 ring of dexterity
HPRegen 0.38/turn    u - +6 ring of dexterity
MPRegen 0.12/turn

%: acrobat
@: petrified, studying Fighting
A: no striking features
a: Renounce Religion, Heroism, Finesse


You were on level 1 of the Lair of Beasts.
You worshipped Okawaru.
Okawaru was greatly pleased with you.
You visited 3 branches of the dungeon, and saw 11 of its levels.

You collected 614 gold pieces.

Inventory:

Hand Weapons
 a - a +0 shortbow of freezing
 e - a +0 dagger
 q - a +1 demon whip of venom (weapon)
 r - a +4 falchion
 v - a +0 short sword of protection
Armour
 c - a +0 leather armour
 g - a +1 hat (worn)
 k - a +0 helmet
 B - a +0 pair of boots (worn)
 D - a +3 leather armour of cold resistance (worn)
Jewellery
 j - a ring of fire
 m - a ring of willpower
 n - a +6 ring of strength
 u - a +6 ring of dexterity (right hand)
 y - an amulet of the acrobat (around neck)
 J - a +6 ring of dexterity (left hand)
Wands
 E - a wand of polymorph (7)
Scrolls
 b - a scroll of immolation
 f - 2 scrolls of torment
 h - a scroll of enchant armour {unknown}
 l - 2 scrolls of magic mapping
 o - a scroll of brand weapon
 s - 2 scrolls of vulnerability
 t - 2 scrolls of teleportation
 z - 2 scrolls of blinking
 C - a scroll of amnesia
 G - 2 scrolls of enchant weapon {unknown}
Potions
 d - a potion of might
 i - 2 potions of brilliance
 p - 3 potions of mutation
 x - a potion of invisibility {unknown}
 A - a potion of degeneration {unknown}
 F - a potion of ambrosia {unknown}
 H - 2 potions of lignification {unknown}
 I - a potion of flight {unknown}


   Skills:
 + Level 15.4 Fighting
 * Level 13.3 Ranged Weapons
 - Level 1.5 Dodging
 - Level 0.7 Stealth


You had 10 spell levels left.
You didn't know any spells.
Your spell library contained the following spells:

 Spells                   Type           Power      Damage    Failure   Level
 Magic Dart               Conj           0%         1d3       45%         1
 Blink                    Tloc           0%         N/A       58%         2
 Mephitic Cloud           Conj/Pois/Air  0%         N/A       83%         3
 Vhi's Electric Charge    Tloc/Air       0%         N/A       83%         3
 Manifold Assault         Tloc           0%         N/A       99%         4
 Arcjolt                  Conj/Air       0%         1d10      100%        5
 Storm Form               Tmut/Air       0%         N/A       100%        7
 Maxwell's Capacitive Co  Air            0%         ∞         100%        8
 Call Imp                 Summ           Unusable   N/A       N/A         2

Dungeon Overview and Level Annotations

Branches:
Dungeon (9/15)             Temple (1/1) D:7            Lair (1/5) D:8
    Orc (0/2) D:9

Altars:
Ashenzari
Cheibriados
Dithmenos
Fedhas
Gozag
Hepliaklqana
Kikubaaqudgha
Makhleb
Nemelex Xobeh
Okawaru
Qazlal
Ru
Sif Muna
Trog
Uskayaw
Wu Jian
Xom
Zin
The Shining One

Shops:
D:1 [

Annotations:
D:3 2 transporters


Message History

The yak is severely wounded.
The yak misses you.
You hit the yak.
The yak looks as sick as possible!
The yak is almost dead.
The yak gores you.
You closely miss the yak.
The yak is almost dead.
The yak gores you! The yak closely misses you.
You hit the yak.
The yak looks as sick as possible!
The yak is almost dead.
The yak gores you!
* * * LOW HITPOINT WARNING * * *
You whack the yak!
You kill the yak!
Okawaru accepts your kill. The basilisk gazes at you.
You are slowing down.
The basilisk bites you!
* * * LOW HITPOINT WARNING * * *
Your limbs are stiffening.
Things that are here:
a yak corpse; a yak corpse You hit the basilisk.
The basilisk is lightly wounded.
The basilisk gazes at you. You resist with some effort. The basilisk bites you!
* * * LOW HITPOINT WARNING * * *
You have turned to stone.
The basilisk bites you.
* * * LOW HITPOINT WARNING * * *
The basilisk bites you!
* * * LOW HITPOINT WARNING * * *
The basilisk bites you.
* * * LOW HITPOINT WARNING * * *
The basilisk gazes at you. You resist with some effort. The basilisk bites you.
* * * LOW HITPOINT WARNING * * *
The basilisk bites you!
You die...

.##.######.##.####.#
....................
P##..#..###.######P# ...
#..# ### ### . #..# #..#
#..# ####+######..#
........@l...# ##
...#+#.###P..#####.P####
....................
......................
...#..............†.....
.. .....................
. .#......#.............
..#..###.#.............
.. ................


You could see a basilisk.

Vanquished Creatures
  A boulder beetle (Lair:1)
  A two-headed ogre (D:8)
  Amaemon (D:8)
  Pikel (D:9)
  An orange demon (D:8)
  2 komodo dragons (D:8)
  2 hornets
  4 yaks (Lair:1)
  4 wyverns
  A basilisk (Lair:1)
  A steam dragon (D:8)
  Menkaure (D:6)
  An acid dragon (D:8)
  2 water moccasins
  4 orc warriors (D:9)
  2 sky beasts
  A black bear (D:6)
  2 centaurs
  An ice beast (D:5)
  2 lemures (D:9)
  2 kobold brigands (D:8)
  4 bullfrogs
  2 scorpions
  5 wights (D:6)
  3 killer bees (D:7)
  5 howler monkeys
  3 jellies
  6 hounds
  2 gnoll boudas
  An iron imp (D:6)
  4 iguanas
  2 sleepcaps
  20 orc wizards
  10 gnolls
  8 adders
  A shadow imp (D:8)
  2 worms
  6 dart slugs
  27 orcs
  4 ball pythons
  8 endoplasms
  A giant cockroach (D:2)
  11 goblins
  4 hobgoblins
  12 jackals
  21 kobolds
  4 quokkas
  5 bats
  A frilled lizard (D:1)
  6 rats (D:1)
225 creatures vanquished.

Notes
Turn   | Place    | Note
-------+----------+-------------------------------------------
     0 | D:1      | vfn1303 the Hill Orc Hunter began the quest for the Orb.
     0 | D:1      | Reached XP level 1. HP: 18/18 MP: 1/1
    89 | D:1      | Reached XP level 2. HP: 25/25 MP: 2/2
   230 | D:1      | Reached skill level 3 in Fighting
   303 | D:1      | Reached XP level 3. HP: 31/31 MP: 3/3
   395 | D:1      | Found Tuth's Antique Armour Boutique.
   811 | D:2      | Found a faded altar of an unknown god.
   879 | D:2      | Reached XP level 4. HP: 38/38 MP: 4/4
  1686 | D:3      | Found an opulent altar of Gozag.
  1861 | D:3      | Reached skill level 5 in Ranged Weapons
  2011 | D:3      | Found a transporter.
  2083 | D:3      | Reached XP level 5. HP: 46/46 MP: 5/5
  2261 | D:3      | Found a transporter.
  2416 | D:3      | Reached skill level 4 in Fighting
  2677 | D:4      | Reached XP level 6. HP: 45/53 MP: 6/6
  2938 | D:4      | Reached skill level 5 in Fighting
  3417 | D:4      | Reached XP level 7. HP: 61/61 MP: 7/7
  3977 | D:5      | Entered Level 5 of the Dungeon
  4143 | D:5      | Reached skill level 6 in Fighting
  4300 | D:5      | Reached XP level 8. HP: 13/71 MP: 8/8
  4542 | D:5      | Found a sparkling altar of Nemelex Xobeh.
  4794 | D:5      | Identified a scroll of acquirement
  4794 | D:5      | Acquired a manual of Fighting
  4826 | D:6      | Noticed Menkaure
  5056 | D:6      | Reached skill level 7 in Fighting
  5235 | D:6      | Reached skill level 8 in Fighting
  5464 | D:6      | Found a shimmering altar of Xom.
  5466 | D:6      | Found a hazy altar of Hepliaklqana.
  5467 | D:6      | Noticed a spectral ugly thing
  5467 | D:6      | Noticed a two-headed ogre
  5634 | D:6      | Reached skill level 9 in Fighting
  5784 | D:6      | Reached XP level 9. HP: 49/78 MP: 9/9
  5924 | D:6      | Killed Menkaure
  5978 | D:6      | Found a snail-covered altar of Cheibriados.
  6011 | D:6      | Found a hide-covered altar of Uskayaw.
  6431 | D:7      | Found a staircase to the Ecumenical Temple.
  6445 | Temple   | Entered the Ecumenical Temple
  6492 | Temple   | Became a worshipper of Warmaster Okawaru
  6614 | D:7      | Reached skill level 10 in Fighting
  6832 | D:7      | Found a blossoming altar of Fedhas.
  7122 | D:7      | Reached skill level 10 in Ranged Weapons
  7447 | D:7      | Found an ancient bone altar of Kikubaaqudgha.
  7863 | D:8      | Reached skill level 11 in Fighting
  7931 | D:8      | Reached * piety under Okawaru
  7999 | D:8      | Noticed a two-headed ogre
  8008 | D:8      | Killed a two-headed ogre
  8008 | D:8      | Reached ** piety under Okawaru
  8009 | D:8      | Reached skill level 12 in Fighting
  8009 | D:8      | Reached XP level 10. HP: 27/97 MP: 10/10
  8600 | D:8      | Found a burning altar of Makhleb.
  8605 | D:8      | Noticed an orange demon
  8607 | D:8      | Noticed Amaemon
  8609 | D:8      | Killed an orange demon
  8623 | D:8      | Killed Amaemon
  8623 | D:8      | Reached *** piety under Okawaru
  8624 | D:8      | Reached skill level 13 in Fighting
  9165 | D:8      | Found a staircase to the Lair.
  9396 | D:9      | Reached skill level 14 in Fighting
  9505 | D:9      | Found an ornate altar of the Wu Jian Council.
  9508 | D:9      | Noticed Pikel
  9536 | D:9      | Killed Pikel
  9536 | D:9      | Reached **** piety under Okawaru
  9822 | D:9      | Found a staircase to the Orcish Mines.
  9842 | D:9      | Reached XP level 11. HP: 111/111 MP: 11/11
  9895 | D:9      | Noticed a wizard
 10174 | Lair:1   | Entered Level 1 of the Lair of Beasts
 10189 | Lair:1   | Noticed a boulder beetle
 10217 | Lair:1   | Killed a boulder beetle
 10218 | Lair:1   | Reached skill level 15 in Fighting
 10468 | Lair:1   | HP: 5/113 [basilisk (7)]
 10472 | Lair:1   | Slain by a basilisk

Illustrated notes

Levels and vault maps discovered:
D:1:      heliophobic_arrival_dark_side_of_the_moon, layout_loops_ring,
          serial_shops, shop, minivault_25
D:2:      layout_loops_ring, shapermc_ecumenical_altar_mp_ritualfount
D:3:      minmay_evil_eye, layout_loops_ring, grunt_gozag_statues,
          gammafunk_ghost_abyssal_escape, bh_walls_and_bars
D:4:      layout_loops_corners, minmay_door_square
D:5:      cheibrodos_helix_gallery, layout_rooms, amcnicky_altar_gilded,
          minmay_misc_feat_plants, minmay_misc_feat_ornament
D:6:      minmay_flawed_box, layout_gridville, regret_index_temple_of_mockery,
          slow_altar_1, lemuel_doored_altar, uniq_menkaure
D:7:      layout_basic, kennysheep_little_box, kiku_gazebo_garden_becter,
          minmay_temple_entry_arrows
D:8:      layout_basic, mainiacjoe_overflow_boulevard, erik_lair_dragon,
          uniq_amaemon
D:9:      layout_basic, nicolae_wu_jian_immortal_techniques, david_orc_4,
          minmay_ruined_shrine, uniq_pikel
Temple:   hellmonk_temple_forest_ring
Lair:1:   layout_chaotic_city, dreamdust_mushroom_princess, nzn_sisyphean_effort

Skill      XL: |  1  2  3  4  5  6  7  8  9 10 11 |
---------------+----------------------------------+-----
Ranged Weapons | 4 5 6 7 9 11 12 13 | 13.3
Fighting       | 3 4 5 6 9 12 14 15 | 15.4
Dodging        | |  1.5
Stealth        | |  0.7

Action                     |  1- 3 |  4- 6 |  7- 9 | 10-12 || total
---------------------------+-------+-------+-------+-------++-------
  Melee: Short sword       |       |    19 |   115 |       ||   134
         Punch             |       |       |     4 |     2 ||     6
         Demon whip        |       |       |       |    72 ||    72
         Falchion          |       |       |       |     9 ||     9
   Fire: Shortbow          |    65 |   195 |   345 |   125 ||   730
 Invoke: Heroism           |       |       |       |     4 ||     4
    Use: Potion            |       |     3 |     5 |     2 ||    10
         Scroll            |       |       |    16 |     1 ||    17
 Armour: Leather armour    |     1 |    43 |   113 |    34 ||   191
  Dodge: Dodged            |     9 |    77 |   180 |    75 ||   341
